 Dungeon Crawl Stone Soup version 0.14-a0-1817-gb992dfe (webtiles) character file.

10796 ReteAZ the Fighter (level 11, -6/95 HPs)
             Began as a Demigod Fire Elementalist on Jan 9, 2014.
             Mangled by a hill giant
             ... wielding a cursed +0,+0 giant spiked club
              (19 damage)
             ... on Level 10 of the Dungeon.
             The game lasted 01:43:57 (13977 turns).

ReteAZ the Fighter (Demigod Fire Elementalist)     Turns: 13977, Time: 01:43:58

HP  -6/95        AC 17     Str 17      XL: 11   Next: 13%
MP  18/26        EV 10     Int 20      God:
Gold 398         SH 10     Dex 17      Spells:  4 memorised, 12 levels left

rFire  . . .     SeeInvis +     E - +0,+5 orc mace (protect)
rCold  . . .     Clarity  .     N - +1 dwarf ring mail
rNeg   . . .     Conserve .     G - +0 buckler
rPois  .         rCorr    .     h - +1 orc helmet
rElec  .         rRot     .     y - +0 cloak
SustAb . .       Spirit   .     (no gloves)
rMut   .         Warding  .     (no boots)
Saprov . . .     Stasis   .     (no amulet)
                                S - ring of protection from magic
                                C - ring of see invisible

@: invisible, very slightly contaminated, quite resistant to hostile
enchantments, unstealthy
A: thin metallic scales 1
a: no special abilities


You were on level 10 of the Dungeon.
You were not hungry.

You visited 1 branch of the dungeon, and saw 12 of its levels.
You also visited: Ossuary.

You collected 563 gold pieces.
You spent 165 gold pieces at shops.

Inventory:

Hand weapons
 E - a +0,+5 orcish mace of protection (weapon)
Missiles
 F - a dart (quivered)
 Q - a throwing net
Armour
 h - a +1 orcish helmet (worn)
 y - a +0 cloak (worn)
 G - a +0 buckler (worn)
 H - a +0 troll hide
 N - a +1 dwarven ring mail (worn)
Magical devices
 i - a wand of fire (5)
 A - a wand of digging (7)
 I - a wand of cold (3)
 T - a wand of draining (8)
Comestibles
 c - 11 bread rations
 d - a rambutan
 g - 3 meat rations
 l - a rotting chunk of hound flesh
 o - a slice of pizza
 r - an apple
 B - 2 chunks of jackal flesh
 M - 3 pears
 R - 14 grapes
Scrolls
 j - 3 scrolls of amnesia
 p - a scroll of identify
 t - 2 scrolls of recharging {RECHARGING}
 K - a scroll of fog
Jewellery
 q - an uncursed ring of ice {unknown}
 z - a cursed amulet of stasis
 C - a ring of see invisible (left hand)
 S - a ring of protection from magic (right hand)
Potions
 a - a potion of might {unknown}
 e - 2 potions of curing
 f - a potion of invisibility
 k - 2 potions of berserk rage {unknown}
 m - 4 potions of paralysis {unknown}
 n - a potion of lignification {unknown}
 u - 3 potions of heal wounds {unknown}
 v - a potion of restore abilities {unknown}
 w - 2 potions of brilliance {unknown}
 x - 2 potions of degeneration {unknown}
 J - a potion of flight
 L - a potion of magic
Books
 b - a book of Flames

   Spells                             Type                      Level
   *Flame Tongue                      Conjuration/Fire             1
   Throw Flame                        Conjuration/Fire             2
   *Conjure Flame                     Conjuration/Fire             3
   Inner Flame                        Hexes/Fire                   3
   Sticky Flame                       Conjuration/Fire             4
   Fireball                           Conjuration/Fire             5
 s - a book of Air

   Spells                             Type                      Level
   Shock                              Conjuration/Air              1
   *Swiftness                         Charms/Air                   2
   *Repel Missiles                    Charms/Air                   2
   Flight                             Charms/Air                   3
   Static Discharge                   Conjuration/Air              3
   Lightning Bolt                     Conjuration/Air              5


   Skills:
 - Level 8.4 Fighting
 + Level 7.0 Maces & Flails
 - Level 2.1 Armour
 - Level 3.3 Dodging
 - Level 1.7 Stealth
 + Level 2.8 Shields
 - Level 5.1 Spellcasting
 - Level 4.0 Conjurations
 - Level 6.1 Charms
 - Level 7.1 Fire Magic


You had 12 spell levels left.
You knew the following spells:

 Your Spells              Type           Power        Failure   Level  Hunger
a - Flame Tongue          Conj/Fire      ####.        3%          1    None
b - Conjure Flame         Conj/Fire      ####....     12%         3    ##.....
c - Repel Missiles        Chrm/Air       ###.......   17%         2    None
d - Swiftness             Chrm/Air       ###.....     17%         2    None


Dungeon Overview and Level Annotations

Branches:
Dungeon (12/16)            Temple (0/1) D:4            Lair (0/8) D:10
    Orc: D:9-12

Shops:
D:4 }   D:5 [*   D:6 =   D:11 %


Innate Abilities, Weirdness & Mutations

You are partially covered in thin metallic scales (AC +2).


Message History

* * * LOW HITPOINT WARNING * * *
Read which item? (? for menu, Esc to quit)
Okay, then.
Drink which item? (? for menu, Esc to quit)
Okay, then.
Casting: Flame Tongue
Confirm with . or Enter, or press ? or * to list all spells.
Okay, then.
Drink which item? (? for menu, Esc to quit)
You fade into invisibility!
You are engulfed in a cloud of scalding steam.
You are very lightly contaminated with residual magic.
Really walk into that cloud of steam?
Okay, then.
Really walk into that cloud of steam?
Okay, then.
Drink which item? (? for menu, Esc to quit)
You feel better.
The hill giant hits you with a giant spiked club!
You die...

#.# #..≈≈≈≈≈%......≈≈≈≈≈. #.#
#............>..≈≈≈≈. #.#
#..≈≈≈≈≈≈.≈....≈≈≈.≈≈ #.#
#.....≈≈§§...≈..≈≈≈.. ###.##
###§.§§§§§≈≈§≈..≈≈≈≈.≈≈ ##....#
#..)§.≈§≈≈≈§≈≈≈≈≈≈≈≈≈.. .....##
###%#.§§§§≈§§§≈§.≈≈≈..≈. ...###
##.#.#.§§§§§§§..§≈..≈..≈
....####.......§@C§.....§......
......#......###############...
....<..#.##.## ..........#.#
.......#.....# ......##....##
.......#..#.# .##..........#
.#........#..#


You could see a hill giant.

Vanquished Creatures
  A hill giant (D:11)
  Joseph (D:9)
  Psyche (D:12)
  An item mimic (D:8)
  3 trolls
  A spriggan (D:7)
  5 yaks (D:11)
  2 hippogriffs
  2 wyverns
  Eustachio (D:9)
  5 necrophages (D:7)
  Edmund (D:8)
  A manticore (D:9)
  4 orc warriors
  2 ice beasts (D:7)
  3 giant goldfish (D:7)
  A phantom (D:6)
  A sky beast (D:9)
  2 ogres (D:5)
  7 centaurs
  A crocodile (D:11)
  A cyclops zombie (D:9)
  6 giant frogs
  A water moccasin (D:5)
  9 jellies
  2 giant goldfish zombies (D:3)
  An eye of draining (D:10)
  A hippogriff zombie (D:11)
  8 killer bees
  8 electric eels
  5 jellyfish (D:7)
  4 crimson imps
  4 wights
  6 orc priests
  A centaur skeleton (D:6)
  2 centaur zombies (Ossuary)
  2 gnoll shamans
  13 orc wizards
  9 worker ants
  4 big fish
  2 scorpions
  10 hounds
  An iguana (D:8)
  4 big kobold zombies
  6 mummies
  A worker ant zombie (D:7)
  12 gnolls
  15 adders
  A giant mite (D:8)
  3 worms
  A giant eyeball (D:8)
  An ooze (D:5)
  35 orcs
  A bat skeleton (D:5)
  A bat zombie (D:8)
  11 giant cockroaches
  13 goblins
  11 hobgoblins
  16 jackals
  7 quokkas
  3 ball pythons
  15 bats
  14 giant geckos
  7 giant newts
  2 giant spores
  A goblin skeleton (D:4)
  2 hobgoblin skeletons
  5 hobgoblin zombies
  12 kobolds
  2 kobold zombies
  An orc skeleton (D:3)
  2 orc zombies
  16 rats
  A rat skeleton (D:4)
  A rat zombie (D:7)
  20 ballistomycetes (D:11)
389 creatures vanquished.

Vanquished Creatures (others)
  2 centaurs (D:11)
  An orc priest (D:8)
  2 giant spores (D:11)
  A ballistomycete (D:11)
6 creatures vanquished.

Grand Total: 395 creatures vanquished

Notes
Turn   | Place    | Note
--------------------------------------------------------------
     0 | D:1      | ReteAZ, the Demigod Fire Elementalist, began the quest for the Orb.
     0 | D:1      | Reached XP level 1. HP: 14/14 MP: 3/3
   261 | D:1      | Reached skill level 1 in Conjurations
   580 | D:1      | Reached skill level 3 in Fire Magic
   867 | D:1      | Reached XP level 2. HP: 18/20 MP: 0/5
  1331 | D:2      | Reached XP level 3. HP: 13/26 MP: 0/8
  1428 | D:2      | Learned a level 3 spell: Conjure Flame
  1707 | D:2      | Reached skill level 4 in Fire Magic
  2029 | D:3      | Reached XP level 4. HP: 21/33 MP: 3/10
  2113 | D:3      | Reached skill level 5 in Fire Magic
  2116 | D:3      | Found a basalt altar of Yredelemnul.
  2269 | D:3      | Reached XP level 5. HP: 36/38 MP: 12/12
  2469 | D:3      | Noticed a phantom
  2779 | D:4      | Found a staircase to the Ecumenical Temple.
  2915 | D:4      | Reached skill level 6 in Fire Magic
  3242 | D:4      | Found Chimeuw's Gadget Emporium.
  3248 | D:4      | Paralysed by a giant eyeball for 2 turns
  3255 | D:4      | Reached skill level 1 in Fighting
  3255 | D:4      | Reached XP level 6. HP: 42/47 MP: 10/14
  3263 | D:4      | Noticed an ogre
  3268 | D:5      | Entered Level 5 of the Dungeon
  3270 | D:5      | Found Klaec's Antique Armour Shoppe.
  3357 | D:5      | Found a snail-covered altar of Cheibriados.
  4346 | D:5      | Reached XP level 7. HP: 55/57 MP: 8/17
  4418 | D:5      | Reached skill level 7 in Fire Magic
  4877 | D:5      | Found Plepoe's Serpentskin Sales.
  5278 | D:6      | Found a sparkling altar of Nemelex Xobeh.
  5556 | D:6      | Reached skill level 5 in Fighting
  5687 | D:6      | Found Siehi's Jewellery Shoppe.
  5695 | D:6      | Bought an uncursed ring of see invisible for 165 gold pieces
  5903 | D:6      | Reached XP level 8. HP: 64/68 MP: 4/18
  7204 | D:7      | Reached skill level 5 in Spellcasting
  7420 | D:7      | Reached XP level 9. HP: 58/75 MP: 17/24
  8283 | D:7      | Noticed a spriggan baker
  8288 | D:7      | Killed a spriggan baker
  8288 | D:7      | Reached skill level 8 in Fighting
  8455 | D:7      | Learned a level 2 spell: Repel Missiles
  8458 | D:7      | Learned a level 2 spell: Swiftness
  8646 | D:8      | Noticed Edmund
  8654 | D:8      | Reached skill level 1 in Armour
  8708 | D:8      | Reached skill level 1 in Charms
  8744 | D:8      | Killed an orange mimic
  8802 | D:8      | Killed Edmund
  8969 | D:8      | Found a sand-covered staircase.
  8977 | Ossuary  | Entered an ossuary
  9209 | Ossuary  | Reached XP level 10. HP: 88/90 MP: 25/25
 10021 | D:9      | Noticed Joseph
 10042 | D:9      | Killed Joseph
 10042 | D:9      | Reached skill level 5 in Charms
 10648 | D:9      | Noticed Eustachio
 10666 | D:9      | Killed Eustachio
 10669 | D:9      | Reached skill level 1 in Maces & Flails
 11154 | D:9      | Found a bloodstained altar of Trog.
 11162 | D:9      | Found a glowing silver altar of Zin.
 11595 | D:10     | Entered Level 10 of the Dungeon
 11595 | D:10     | Noticed a hill giant
 11792 | D:10     | You fall through a shaft for 2 floors!
 11804 | D:12     | Noticed Psyche
 11821 | D:12     | Killed Psyche
 11821 | D:12     | Reached skill level 5 in Maces & Flails
 12401 | D:11     | Noticed a hill giant
 12410 | D:11     | Killed a hill giant
 12410 | D:11     | Reached skill level 1 in Shields
 12443 | D:11     | Gained mutation: You are partially covered in thin metallic scales (AC +2). [potion of beneficial mutation]
 12891 | D:11     | Reached XP level 11. HP: 66/95 MP: 24/26
 13093 | D:11     | Found Imirhiz's Food Emporium.
 13664 | D:10     | Found a staircase to the Lair.
 13975 | D:10     | HP: 2/95 [hill giant/giant spiked club (28)]
 13977 | D:10     | Mangled by a hill giant

Action                   |  1- 3 |  4- 6 |  7- 9 | 10-12 || total
-------------------------+-------+-------+-------+-------++-------
Melee: Short sword       |    68 |    87 |   209 |       ||   364
       Dagger            |     6 |       |       |       ||     6
       Trident           |       |       |    21 |       ||    21
       Halberd           |       |       |   113 |    46 ||   159
       Mace              |       |       |       |   284 ||   284
Throw: Dart              |    11 |    80 |    42 |    12 ||   145
       Throwing net      |       |       |       |     1 ||     1
 Cast: Flame Tongue      |    67 |   135 |   294 |   186 ||   682
       Conjure Flame     |       |    15 |    39 |    32 ||    86
       Repel Missiles    |       |       |     1 |     1 ||     2
       Swiftness         |       |       |       |     3 ||     3
Evoke: Wand              |       |       |     2 |     9 ||    11
  Use: Scroll            |     7 |     7 |     4 |    16 ||    34
       Potion            |     1 |       |     1 |     8 ||    10
 Stab: Distracted        |     1 |       |       |     1 ||     2
       Sleeping          |       |       |     2 |     1 ||     3
